[Event "Live Chess"]
[Site "Chess.com"]
[Date "2023.05.21"]
[Round "-"]
[White "Long1968"]
[Black "Tilbs_12"]
[Result "0-1"]
[WhiteElo "991"]
[BlackElo "1567"]
[TimeControl "300"]
[EndTime "1:23:57 PDT"]
[Termination "Tilbs_12 won on time"]

1. e4 c6 2. d4 d5 3. e5 c5 4. c3 Nc6 5. f4 Bf5 6. dxc5 a5 7. Be3 e6 8. Bd3 Bg6 9. Nf3 Nge7 10. Bxg6 hxg6 11.
O-O Nf5 12. Qd2 Qc7 13. Nd4 Nd8 14. Nb5 Qc6 15. Nd6+ Bxd6 16. cxd6 b6 17. Qf2 Nxe3 18. Qxe3 Qc5 19. Re1 Qxe3+ 20. Rxe3 Kd7 21. Nd2 f5 22. exf6 gxf6 23. c4 Kxd6 24. Rd1 d4 25. Nb3 e5 26. Nxd4 exd4 27. Rxd4+ Kc5 28. Rde4 Nc6 0-1

[Event "Live Chess"]
[Site "Chess.com"]
[Date "2023.05.21"]
[Round "-"]
[White "OleksiyJr1"]
[Black "Mugzwang"]
[Result "0-1"]
[WhiteElo "986"]
[BlackElo "1554"]
[TimeControl "300"]
[EndTime "1:24:06 PDT"]
[Termination "Mugzwang won by checkmate"]

1. e4 c5 2. Nf3 Nc6 3. Nc3 e5 4.
Bb5 d6 5. Bxc6+ bxc6 6. d3 Nf6 7.
O-O Be7 8. h3 O-O 9. Be3 d5 10. exd5 cxd5 11. Ne2 e4 12. dxe4 Nxe4 13. Nf4 d4 14. Bd2 Bb7 15. Re1 Nxd2 16. Nxd2 Bd6 17. Nd3 Qc7 18. Ne4 Qc6 19. Nxd6 Qxg2# 0-1

[Event "Live Chess"]
[Site "Chess.com"]
[Date "2023.05.21"]
[Round "-"]
[White "Biranidun"]
[Black "YrrriKharkiv"]
[Result "1-0"]
[WhiteElo "2543"]
[BlackElo "2077"]
[TimeControl "300"]
[EndTime "1:24:10 PDT"]
[Termination "Biranidun won by resignation"]

1. e4 Nf6 2. e5 Nd5 3. d4 d6 4. Nf3 g6 5. Bc4 Nb6 6. Bb3 Bg7 7. Ng5 O-O 8. e6 f6 9. Nf7 Qe8 10. d5 c6 11. c4 cxd5 12. cxd5 Rxf7 13. exf7+ Qxf7 14. O-O N8d7 15. Nc3 Nc5 16. Bc2 f5 17. Be3 f4 18.
Bd4 f3 19. Bxg7 fxg2 20. Re1 Qxg7 21. Qe2 Kf8 22. Qf3+ Kg8 23. Qe3 Kf8 24. Re2 Bf5 25.
Qf4 Qf6 26. Rae1 Re8 27. Kxg2 a6 28. Re3 Nbd7 29. Qh6+ Kg8 30. Bxf5 gxf5 31. Qxf6 Nxf6 32. Rxe7 Rf8 33. Kf3 b5 34. Rg1+ Kh8 35. a3 Nce4 36.
Nxe4 fxe4+ 37. Ke2 Nxd5 38. Rxe4 Nf4+ 39. Ke3 Nd5+ 40.
Kd4 Nf4 41. Rg4 Ng6 42. f4 d5 43. Kxd5 Rd8+ 44. Kc5 Rf8 45. h4 Rf5+ 46. Kb6 Rf6+ 47.
Ka5 Rf5 48. Rg5 1-0

[Event "Live Chess"]
[Site "Chess.com"]
[Date "2023.05.21"]
[Round "-"]
[White "Larchikov"]
[Black "Delacorta"]
[Result "1-0"]
[WhiteElo "1976"]
[BlackElo "1439"]
[TimeControl "300"]
[EndTime "1:24:21 PDT"]
[Termination "Larchikov won by resignation"]

1. d4 e6 2. Nf3 f5 3. c4 Nf6 4.
Nc3 c6 5. Bg5 Be7 6. Bxf6 Bxf6 7. e3 O-O 8. Bd3 d5 9. O-O Bd7 10. b4 Be8 11. Rb1 Bh5 12. b5 Qa5 13. Rb3 Nd7 14.
cxd5 exd5 15. Bxf5 Nb6 16. Bd3 Nc4 17. Qe2 Bxf3 18. gxf3 Qc7 19. Bxc4 dxc4 20. Qxc4+ Kh8 21.
Ne4 Qd6 1-0

[Event "Live Chess"]
[Site "Chess.com"]
[Date "2023.05.21"]
[Round "-"]
[White "Denz14"]
[Black "domrobson"]
[Result "0-1"]
[WhiteElo "1030"]
[BlackElo "1754"]
[TimeControl "300"]
[EndTime "1:24:33 PDT"]
[Termination "domrobson won by resignation"]

1. e4 e5 2. Nf3 Nc6 3. Bc4 Nf6 4. O-O Bc5 5. d3 a6 6. a3 Ba7 7. Ba2 d6 8. Bg5 h6 9. Bh4 g5 10. Bg3 h5 11. h3 h4 12. Bh2 g4 13. hxg4 Bxg4 14.
Nbd2 Nd4 15. Qc1 Ne2+ 0-1

[Event "Live Chess"]
[Site "Chess.com"]
[Date "2023.05.21"]
[Round "-"]
[White "RichardABates"]
[Black "ms_lilley"]
[Result "1-0"]
[WhiteElo "2130"]
[BlackElo "587"]
[TimeControl "300"]
[EndTime "1:24:51 PDT"]
[Termination "RichardABates won by checkmate"]

1. d4 d6 2. e4 c5 3. dxc5 dxc5 4. Qxd8+ Kxd8 5. Bc4 e6 6. Nf3 h6 7. Ne5 Ne7 8.
Nxf7+ Kc7 9. Bf4+ Kc6 10. Nc3 Nd7 11. Nd8+ Kb6 12. Na4+ Ka5 13. Bd2+ Kxa4 14. a3 Nb6 15. b3# 1-0

[Event "Live Chess"]
[Site "Chess.com"]
[Date "2023.05.21"]
[Round "-"]
[White "Redwinelover"]
[Black "ProfPoisson"]
[Result "0-1"]
[WhiteElo "1126"]
[BlackElo "1194"]
[TimeControl "300"]
[EndTime "1:24:55 PDT"]
[Termination "ProfPoisson won by resignation"]

1. e4 e5 2. Bc4 Nf6 3. d4 Nxe4 4.
dxe5 Bc5 5. Qd5 Bxf2+ 6. Ke2 O-O 7. Qxe4 d5 8. Bxd5 Bb6 9. Nf3 Nc6 10. Bxc6 bxc6 11.
Be3 f5 12. exf6 Qxf6 13. Nc3 Bf5 14. Qxc6 Qxc6 15. Rad1 Bxe3 16. Kxe3 Rfe8+ 17. Kf2 Rad8 18. Rxd8 Rxd8 19. Ne2 Qxc2 20. Nd4 Rxd4 21. Rc1 Qxc1 22. Nxc1 Rd2+ 23. Ke3 Rxb2 24. Nb3 Rxa2 25. Nd4 Bg6 26. Nb5 Rxg2 27. Nxa7 Rxh2 28. Nb5 c5 29. Nc3 c4 30. Kd4 Bd3 31. Nd5 Rh4+ 32. Kc3 g5 33. Ne3 g4 34. Nxg4 Rxg4 35. Kd2 h5 0-1

[Event "Live Chess"]
[Site "Chess.com"]
[Date "2023.05.21"]
[Round "-"]
[White "raimundklein"]
[Black "horsechessnut"]
[Result "1-0"]
[WhiteElo "1753"]
[BlackElo "1442"]
[TimeControl "300"]
[EndTime "1:25:00 PDT"]
[Termination "raimundklein won on time"]

1. e4 e5 2. Nf3 Nc6 3. Bb5 Nge7 4. O-O d6 5. h3 Bd7 6. c3 a6 7. Ba4 b5 8. Bc2 Ng6 9. d4 Be7 10. Be3 h6 11. Re1 Na5 12. Nbd2 Nb7 13. Nf1 Bc8 14. Ng3 Na5 15. b3 Nc6 16. Nf5 Bf6 17. Qe2 Nce7 18. Nxe7 Qxe7 19. dxe5 dxe5 20. Rad1 Bb7 21.
Rd2 O-O 22. Red1 Rfd8 23. Nh2 Rxd2 24. Rxd2 Rd8 25. Qd1 Rxd2 26. Qxd2 Qd6 27. Ng4 Qxd2 28. Bxd2 Be7 29. f3 Bd6 30. Be3 Bc8 31. Kf2 Nf4 32.
Nh2 Ne6 33. Nf1 Nc5 34. Bd2 Nd7 35. Ne3 Bc5 36. Ke2 Nf8 37. Nd5 Ne6 38. b4 Bd6 39. a4 Nf4+ 40. Kf2 Nxd5 41. axb5 Nf4 42. Bxf4 exf4 43. Bd3 Be5 44. bxa6 Bxc3 45. b5 Bd4+ 46. Ke2 Bb6 47. Bc4 Kf8 48. Kd3 Bd7 49. e5 Ke7 50.
Ke4 g5 51. Kd5 Kd8 52. Bd3 Ke7 53. Bh7 Kd8 54. Ke4 Ke7 55. Kd5 Kd8 56. Ke4 c6 57. bxc6 Bxc6+ 58. Kf5 Ba4 59. Kf6 Bb3 60. Kg7 Bc5 61.
Kxh6 Bc4 62. Kxg5 Bxa6 63. Bg8 Bf1 64. Bxf7 Bxg2 65. Kxf4 Bxh3 66. Ke4 Bd7 67. f4 Bf8 68. f5 Ke7 69. Bg6 Be8 70. f6+ Ke6 71. Bf5+ Kf7 72. Kd5 Kg8 73. e6 Ba3 74. Bd3 Ba4 75. Bg6 Bb3+ 76. Ke5 Bb2+ 77. Kf5 1-0

[Event "Live Chess"]
[Site "Chess.com"]
[Date "2023.05.21"]
[Round "-"]
[White "JanMur7"]
[Black "raminguy"]
[Result "1-0"]
[WhiteElo "1957"]
[BlackElo "1952"]
[TimeControl "300"]
[EndTime "1:25:02 PDT"]
[Termination "JanMur7 won by resignation"]

1. e4 e5 2. Nf3 Nc6 3. Nc3 Nf6 4.
Nxe5 Nxe5 5. d4 Ng6 6. e5 Ng8 7. Bc4 Bb4 8. O-O Bxc3 9. bxc3 N8e7 10. f4 O-O 11. f5 Nh8 12. f6 Neg6 13. fxg7 Kxg7 14.
Qh5 Kg8 15. Bg5 Qe8 16. Bf6 Qd8 17. Qh6 1-0

[Event "Live Chess"]
[Site "Chess.com"]
[Date "2023.05.21"]
[Round "-"]
[White "peter-785"]
[Black "chessfiction"]
[Result "0-1"]
[WhiteElo "1195"]
[BlackElo "2342"]
[TimeControl "300"]
[EndTime "1:25:03 PDT"]
[Termination "chessfiction won by resignation"]

1. e4 e5 2. Nf3 d5 3. exd5 e4 4.
Nd4 Qxd5 5. c3 Bc5 6. Qb3 Qe5 7. Be2 Nf6 8. h3 O-O 9. O-O Bd6 10. g3 Bxh3 11. Re1 h5 12. Bf3 h4 13. Rxe4 Nxe4 14. Bxe4 Qxe4 0-1

[Event "Live Chess"]
[Site "Chess.com"]
[Date "2023.05.21"]
[Round "-"]
[White "RamsayFlayer"]
[Black "elephantgerrald"]
[Result "1-0"]
[WhiteElo "1972"]
[BlackElo "761"]
[TimeControl "300"]
[EndTime "1:25:18 PDT"]
[Termination "RamsayFlayer won by checkmate"]

1. e4 e6 2. d4 d5 3. Nc3 dxe4 4.
Nxe4 e5 5. Nf3 exd4 6. Qxd4 Qxd4 7. Nxd4 Bf5 8. Bd3 Bxe4 9. Bxe4 Bc5 10. Bxb7 Bxd4 11.
Bxa8 c6 12. Bf4 Nd7 13. Bxc6 Bxb2 14. Rb1 Bc3+ 15. Bd2 Bxd2+ 16. Kxd2 Nf6 17. Rb8+ Ke7 18. Rxh8 Ne4+ 19. Bxe4 Ne5 20. Re1 Nc4+ 21. Kc3 Ne5 22.
Bxh7 Kf6 23. f4 Ng4 24. h3 g6 25. hxg4 g5 26. g3 gxf4 27. gxf4 a5 28. g5+ Kg7 29. Ree8 f5 30. g6 Kh6 31. Re7 a4 32. g7 a3 33.
g8=Q Kh5 34. Qg5# 1-0

[Event "Live Chess"]
[Site "Chess.com"]
[Date "2023.05.21"]
[Round "-"]
[White "stevochess11"]
[Black "LiamClery2020"]
[Result "0-1"]
[WhiteElo "1780"]
[BlackElo "2022"]
[TimeControl "300"]
[EndTime "1:25:31 PDT"]
[Termination "LiamClery2020 won by resignation"]

1. d4 Nf6 2. Nf3 e6 3. e3 c5 4. Bd3 cxd4 5. exd4 Nc6 6. O-O d5 7. c3 Bd6 8. Bg5 O-O 9. Qe2 h6 10. Bh4 Be7 11. Nbd2 Nd7 12. Bxe7 Qxe7 13. Ne5 Ndxe5 14. dxe5 b6 15. f4 d4 16. Qe4 g6 17. cxd4 Bb7 18. d5 exd5 19. Qxd5 Rad8 20. Qb3 Na5 21. Qc2 Qd7 22.
Bxg6 Qxd2 23. Qxd2 Rxd2 24. Bxf7+ Rxf7 25. Rf2 Rfd7 26. f5 Rxf2 27. Kxf2 Rd2+ 0-1

[Event "Live Chess"]
[Site "Chess.com"]
[Date "2023.05.21"]
[Round "-"]
[White "CheckThis4"]
[Black "CroasArRheun"]
[Result "1-0"]
[WhiteElo "2494"]
[BlackElo "1806"]
[TimeControl "300"]
[EndTime "1:25:31 PDT"]
[Termination "CheckThis4 won by resignation"]

1. d4 d5 2. Nc3 Nf6 3. e4 e6 4. Bg5 Be7 5. e5 Nfd7 6. Bxe7 Qxe7 7. f4 O-O 8. Nf3 c5 9. Bd3 Nc6 10. Bxh7+ Kxh7 11. Ng5+ Kg6 12. Qd3+ Kh5 13. Qh3+ 1-0

[Event "Live Chess"]
[Site "Chess.com"]
[Date "2023.05.21"]
[Round "-"]
[White "JoeyCage"]
[Black "fretle"]
[Result "1-0"]
[WhiteElo "2306"]
[BlackElo "1811"]
[TimeControl "300"]
[EndTime "1:25:37 PDT"]
[Termination "JoeyCage won by checkmate"]

1. e4 e6 2. d4 b6 3. Nc3 Bb7 4. Nf3 Bb4 5. Bd3 d5 6. exd5 Bxd5 7. O-O Bxc3 8. bxc3 Nf6 9. Ba3 Nbd7 10. Qe2 c5 11. Rfd1 O-O 12. Ne5 Qc7 13. Nxd7 Nxd7 14.
Qh5 Nf6 15. Qh4 Bb7 16. Bf1 Rfd8 17. dxc5 bxc5 18. Rd3 Rd5 19. Rg3 Ne8 20. c4 Rd4 21. Qg5 f6 22. Qxc5 Rd2 23. Qf8# 1-0

[Event "Live Chess"]
[Site "Chess.com"]
[Date "2023.05.21"]
[Round "-"]
[White "mach247"]
[Black "MarkLim1"]
[Result "0-1"]
[WhiteElo "1325"]
[BlackElo "1707"]
[TimeControl "300"]
[EndTime "1:25:46 PDT"]
[Termination "MarkLim1 won by resignation"]

1. e4 e6 2. Nf3 d5 3. exd5 exd5 4.
d4 Bd6 5. Bd3 Nc6 6. c3 Nge7 7.
O-O Bg4 8. h3 Bh5 9. Nbd2 Qd7 10. Qc2 O-O-O 11. b4 Rde8 12. a4 f6 13. a5 g5 14. b5 Nb8 15. b6 a6 16. bxc7 Qxc7 17. Bf5+ Nxf5 18. Qxf5+ Qd7 19. Qxd7+ Kxd7 20. c4 Bxf3 21.
Nxf3 dxc4 22. Ba3 Nc6 23. Bxd6 Kxd6 24. Rfc1 Kd5 25. Rab1 Re7 26. Rb6 Rhe8 27. h4 gxh4 28.
Nxh4 Nxd4 29. Rd1 Re1+ 30. Rxe1 Rxe1+ 31. Kh2 c3 32. Rxb7 c2 33. Rd7+ Kc4 34. Rc7+ Kd3 0-1

[Event "Live Chess"]
[Site "Chess.com"]
[Date "2023.05.21"]
[Round "-"]
[White "EPotapov05"]
[Black "blunderabit"]
[Result "0-1"]
[WhiteElo "1402"]
[BlackElo "1821"]
[TimeControl "300"]
[EndTime "1:26:05 PDT"]
[Termination "blunderabit won by resignation"]

1. Nf3 Nf6 2. d4 e6 3. c4 b6 4. a3 Ba6 5. e3 c6 6. Bd3 d5 7.
cxd5 Bxd3 8. Qxd3 exd5 9. Bd2 Bd6 10. Nc3 O-O 11. O-O Re8 12. Rfe1 Ne4 13. Rad1 Nd7 14.
Bc1 g5 15. Nd2 f5 16. Ndxe4 fxe4 17. Qe2 Nf6 18. g3 Qd7 19. Qf1 Rf8 20. Qg2 Ng4 21.
Re2 Rf6 22. h3 Nh6 23. Rf1 Raf8 24. Nd1 Nf5 25. Bd2 Rh6 26. Be1 Ne7 27. Kh2 Rf3 28. Bc3 Ng6 29. Bb4 c5 30. dxc5 bxc5 31.
Bc3 g4 0-1

[Event "Live Chess"]
[Site "Chess.com"]
[Date "2023.05.21"]
[Round "-"]
[White "OceanFloater"]
[Black "Tushinskiy"]
[Result "0-1"]
[WhiteElo "1024"]
[BlackElo "2188"]
[TimeControl "300"]
[EndTime "1:26:08 PDT"]
[Termination "Tushinskiy won by checkmate"]

1. e4 e5 2. Nf3 d6 3. Bc4 Bg4 4. h3 Bh5 5. g4 Bg6 6. Nh4 Qxh4 7.
d3 Nd7 8. Nc3 c6 9. a3 Qd8 10. h4 h5 11. g5 Qc7 12. Be3 Ne7 13. f4 exf4 14. Bxf4 Ne5 15. Qe2 O-O-O 16. O-O-O Nxc4 17. dxc4 a6 18. e5 Nf5 19. Qe1 Qa5 20. exd6 Bxd6 21.
Bxd6 Nxd6 22. Qe2 Rhe8 23. Qf3 Nxc4 24. Rxd8+ Rxd8 25. Qh3+ Kb8 26. Rh2 Qe5 27. Re2 Qf4+ 28. Kb1 Bf5 29. Qh2 Qxh2 30. Rxh2 g6 31. Rf2 Ne3 32. Kc1 Nxc2 33. Rd2 Rxd2 34. Kxd2 Nd4 35. Ke3 Ne6 36. Ne2 Kc7 37. Nd4 Nxd4 38. Kxd4 Kd6 39. b4 b6 40. a4 c5+ 41. bxc5+ bxc5+ 42. Kc4 Be6+ 43. Kd3 Kd5 44. a5 c4+ 45. Kc3 Kc5 46. Kc2 Kb4 47. Kb2 Bf5 48. Ka2 Kxa5 49. Ka3 Kb5 50.
Kb2 Kb4 51. Kc1 a5 52. Kd2 a4 53. Kc1 a3 54. Kd2 a2 55. Kc1 a1=Q+ 56. Kd2 Qd4+ 57.
Ke1 Qb2 58. Kd1 Bd3 59. Ke1 Qe2# 0-1

[Event "Live Chess"]
[Site "Chess.com"]
[Date "2023.05.21"]
[Round "-"]
[White "MJMykh"]
[Black "Tiltador"]
[Result "1-0"]
[WhiteElo "1101"]
[BlackElo "749"]
[TimeControl "300"]
[EndTime "1:26:29 PDT"]
[Termination "MJMykh won on time"]

1. e4 e5 2. Nf3 d6 3. h3 f6 4.
Nc3 Nc6 5. Bb5 a6 6. Bxc6+ bxc6 7. O-O g6 8. d3 Bg7 9. a3 Ne7 10. Be3 O-O 11. d4 exd4 12. Bxd4 c5 13. Be3 f5 14. exf5 Bxf5 15. Nd5 Nxd5 16. Qxd5+ Kh8 17. c3 Qc8 18. Rac1 a5 19. Nh4 a4 20. Nxf5 Rxf5 21. Qe4 Rf8 22.
Qh4 Qf5 23. Bh6 Qh5 24. Bxg7+ Kxg7 25. Qxh5 gxh5 26. Rce1 h4 27. Re7+ Kg8 28. Rxc7 h5 29. Rd7 Rf6 30. f3 Kf8 31. Rd1 Ra6 32. Kf2 Ke8 33. Rh7 Rf5 34. Rh6 Kd7 35. g4 hxg3+ 36. Kxg3 Rg5+ 37. Kh4 Rf5 38. Rf1 Kc6 39. Rxh5 Rxh5+ 40. Kxh5 Kb5 41. Kg4 d5 42. h4 Rg6+ 43. Kf5 Rg2 44.
Rb1 Rh2 45. Kg5 Rg2+ 46. Kf4 d4 47. cxd4 cxd4 48. Ke4 Rh2 49. Kxd4 Rxh4+ 50. Ke3 Rh3 51. b3 axb3 52. Rxb3+ Ka4 53. Rd3 Rh1 54. f4 Re1+ 55.
Kf3 Re8 56. f5 Rf8 57. Kf4 Re8 58. Rd6 Rf8 59. f6 Kxa3 60. Kf5 Rf7 61. Ke6 Ra7 62. f7 Ra8 63. Ke7 Ra7+ 64. Rd7 Ra8 65. Rd8 Ra7+ 66. Ke8 Rxf7 67. Kxf7 Kb3 68. Rd7 1-0

[Event "Live Chess"]
[Site "Chess.com"]
[Date "2023.05.21"]
[Round "-"]
[White "Richardallis"]
[Black "OleksiyJr1"]
[Result "1-0"]
[WhiteElo "1874"]
[BlackElo "986"]
[TimeControl "300"]
[EndTime "1:26:31 PDT"]
[Termination "Richardallis won by checkmate"]

1. d4 Nf6 2. Nf3 c6 3. Bg5 d5 4. Nbd2 h6 5. Bxf6 exf6 6. e4 f5 7. exd5 Qxd5 8. Bc4 Qd6 9. Qe2+ Be6 10. O-O Be7 11.
Rfe1 Bxc4 12. Nxc4 Qc7 13. c3 b5 14. Ncd2 Nd7 15.
Qxe7# 1-0

[Event "Live Chess"]
[Site "Chess.com"]
[Date "2023.05.21"]
[Round "-"]
[White "Dhaydon19"]
[Black "wadsy27"]
[Result "1-0"]
[WhiteElo "2695"]
[BlackElo "2568"]
[TimeControl "300"]
[EndTime "1:26:45 PDT"]
[Termination "Dhaydon19 won by resignation"]

1. d4 d5 2. Nf3 Nf6 3. Bf4 c5 4. e3 Nc6 5. Nbd2 Bg4 6. Be2 e6 7. O-O Rc8 8. c3 Bd6 9. Ne5 Bxe2 10. Qxe2 O-O 11. Ndf3 Qc7 12. Nxc6 Qxc6 13. Be5 Nd7 14. Bxd6 Qxd6 15. Rad1 cxd4 16. Rxd4 e5 17. Rd2 e4 18.
Nd4 Ne5 19. Nf5 Qe6 20. Ng3 a6 21. Rfd1 Nd3 22. Qf1 Qb6 23. Ne2 Rc5 24. Nf4 Nxf4 25.
exf4 Qc6 26. Qe2 b5 27. a3 a5 28. h3 Rb8 29. Rd4 h6 30. Qd2 b4 31. axb4 axb4 32.
Rxb4 Rxb4 33. cxb4 Rb5 34. Rc1 Qb7 35. Rc5 Rxb4 36.
Qxd5 Rxb2 37. Qf5 Rb1+ 38. Kh2 Kf8 39. Rc8+ Ke7 40. Qe5+ Kd7 41. Qe8+ Kd6 42. Rd8+ Kc5 43. Qe5+ Kc4 44. Rd4+ Kb3 45. Rxe4 g5 46. Re3+ Ka4 47.
Qe8+ Kb4 48. Re4+ Kc3 49. Qe5+ Kb3 50. fxg5 hxg5 51. Qg3+ Kb2 52. Re2+ 1-0

[Event "Live Chess"]
[Site "Chess.com"]
[Date "2023.05.21"]
[Round "-"]
[White "jagbama"]
[Black "KeithArkell"]
[Result "0-1"]
[WhiteElo "1166"]
[BlackElo "2516"]
[TimeControl "300"]
[EndTime "1:26:55 PDT"]
[Termination "KeithArkell won by checkmate"]

1. e4 c6 2. Nc3 d5 3. exd5 cxd5 4. Bb5+ Bd7 5. Nf3 Bxb5 6. Nxb5 Nc6 7. O-O Nf6 8. d3 a6 9. Nbd4 e6 10. c3 Be7 11.
Ne5 Nxe5 12. Bf4 Nc6 13. Nxc6 bxc6 14. Qf3 O-O 15. Qg3 Nh5 16. Qg4 Nxf4 17. Qxf4 Qb8 18. Qg4 Qxb2 19. Rae1 Qxc3 20. Re3 Bf6 21. Rg3 Rab8 22. h4 Rb4 23. d4 Rxd4 24. Qh3 Qd2 25. h5 Rh4 26. Qxh4 Bxh4 27. Rg4 Bxf2+ 28. Kh1 Qe2 29.
Rc1 Qxg4 30. Rc3 Qd1+ 31. Kh2 f5 32. Rf3 Qg1+ 33. Kh3 Qh1# 0-1

[Event "Live Chess"]
[Site "Chess.com"]
[Date "2023.05.21"]
[Round "-"]
[White "smoggyrabbit"]
[Black "Leonid_Starozhilov"]
[Result "0-1"]
[WhiteElo "1726"]
[BlackElo "2661"]
[TimeControl "300"]
[EndTime "1:26:56 PDT"]
[Termination "Leonid_Starozhilov won on time"]

1. d4 Nf6 2. Nf3 c5 3. d5 b5 4. b3 e6 5. c4 bxc4 6. bxc4 exd5 7. cxd5 Bd6 8. Nc3 O-O 9. e4 Re8 10. Bd3 Ba6 11. O-O c4 12. Bc2 Bb4 13. Bb2 d6 14. Re1 Nbd7 15. a3 Bc5 16. Na4 Rb8 17. Nxc5 Nxc5 18. Qd4 Ncd7 19. Rab1 Qb6 20. Qxb6 Rxb6 21.
Bd4 Rxb1 22. Bxb1 Nc5 23. Bxc5 dxc5 24. Nd2 Nxd5 0-1

[Event "Live Chess"]
[Site "Chess.com"]
[Date "2023.05.21"]
[Round "-"]
[White "Ian-Morley"]
[Black "TheSmoulderingMaster"]
[Result "0-1"]
[WhiteElo "1053"]
[BlackElo "1685"]
[TimeControl "300"]
[EndTime "1:27:01 PDT"]
[Termination "TheSmoulderingMaster won by checkmate"]

1. e4 c5 2. Nf3 d6 3. Bb5+ Nd7 4.
Bxd7+ Bxd7 5. O-O Bc6 6. Re1 e5 7. c3 Nf6 8. d4 cxd4 9. cxd4 Bxe4 10. dxe5 dxe5 11. Qxd8+ Rxd8 12. Nxe5 Be7 13. Bg5 O-O 14. Bxf6 Bxf6 15. Nc3 Bxe5 16. Nxe4 Bxb2 17. Rab1 Bd4 18. Rxb7 Rfe8 19. Rbb1 h6 20. Nd2 Rxe1+ 21. Rxe1 Bc3 22.
f3 Rxd2 23. Re8+ Kh7 24. Ra8 Rxa2 25. Kf1 a5 26. g4 a4 27. Kg1 a3 28. h4 Bb4 29. f4 Rc2 30. g5 hxg5 31. fxg5 a2 32. g6+ fxg6 33. h5 gxh5 34. Ra4 Bc3 35. Rh4 Kh6 36. Rxh5+ Kxh5 37. Kh1 a1=R# 0-1

[Event "Live Chess"]
[Site "Chess.com"]
[Date "2023.05.21"]
[Round "-"]
[White "NAZRIZ1977"]
[Black "EdenHazard8"]
[Result "0-1"]
[WhiteElo "1978"]
[BlackElo "1952"]
[TimeControl "300"]
[EndTime "1:27:04 PDT"]
[Termination "EdenHazard8 won by resignation"]

1. c4 e5 2. g3 Nc6 3. Bg2 f5 4. Nc3 Nf6 5. d3 Bb4 6. Bd2 Bxc3 7. Bxc3 d6 8. Nf3 O-O 9. O-O Qe8 10. b4 Qh5 11. b5 Ne7 12. Nd2 f4 13. e3 Bg4 14.
Bf3 fxe3 15. fxe3 Bxf3 16. Qxf3 Ng4 17. Qe2 Qg5 18. Rxf8+ Rxf8 19. Nf1 Nf5 20. Bd2 Ne7 21. Re1 Rf2 22. Qxf2 Nxf2 23. Kxf2 Qf5+ 24. Ke2 Qh5+ 0-1

[Event "Live Chess"]
[Site "Chess.com"]
[Date "2023.05.21"]
[Round "-"]
[White "Ferrarifan27"]
[Black "Cimon"]
[Result "1-0"]
[WhiteElo "2083"]
[BlackElo "1846"]
[TimeControl "300"]
[EndTime "1:27:21 PDT"]
[Termination "Ferrarifan27 won by checkmate"]

1. e4 d6 2. d4 Nf6 3. Nc3 g6 4.
Nf3 Bg7 5. Bc4 O-O 6. O-O e5 7.
dxe5 dxe5 8. Nxe5 Nxe4 9. Qxd8 Rxd8 10. Nxf7 Rd4 11. Nd6+ Rxc4 12. Nxc4 Nxc3 13. bxc3 Be6 14. Ne3 Bxc3 15. Rb1 b6 16. a3 a6 17. Bb2 Bxb2 18.
Rxb2 Nc6 19. Rd1 Kf7 20. c3 Ne5 21. Rbd2 c6 22. f4 Nc4 23. Nxc4 Bxc4 24. Rd7+ Kf6 25. R1d6+ Kf5 26. Rxc6 Bb5 27. Rd5+ Kxf4 28. Rxb6 Rc8 29. Rd4+ Ke3 30. Re6# 1-0

[Event "Live Chess"]
[Site "Chess.com"]
[Date "2023.05.21"]
[Round "-"]
[White "Missedidea"]
[Black "RoaringKnights"]
[Result "1-0"]
[WhiteElo "1842"]
[BlackElo "993"]
[TimeControl "300"]
[EndTime "1:27:22 PDT"]
[Termination "Missedidea won by checkmate"]

1. d4 c6 2. c4 d5 3. Nf3 Bf5 4. Nc3 e6 5. Bf4 c5 6. e3 cxd4 7.
exd4 Bb4 8. Be2 dxc4 9. O-O Nf6 10. Qa4+ Nc6 11. Ne5 Rc8 12. Nxc6 Rxc6 13. Qxb4 Rb6 14.
Qxc4 O-O 15. b4 a6 16. a3 Rc6 17. Qb3 Qc8 18. Rac1 Ne4 19. Nxe4 Rxc1 20. Rxc1 Qd7 21. Nc5 Qc6 22. Bf3 Qb5 23. d5 exd5 24. Bxd5 Bg6 25. Ne4 Re8 26. Nd6 Qd7 27. Nxe8 Qxe8 28. h4 Qb5 29. Rc8+ Qe8 30. Rxe8# 1-0

[Event "Live Chess"]
[Site "Chess.com"]
[Date "2023.05.21"]
[Round "-"]
[White "Bot_Boy"]
[Black "Tema1107"]
[Result "0-1"]
[WhiteElo "334"]
[BlackElo "1939"]
[TimeControl "300"]
[EndTime "1:27:48 PDT"]
[Termination "Tema1107 won on time"]

1. Nf3 Nf6 2. e3 e6 3. Nc3 b6 4. d4 Bb7 5. Bc4 d6 6. O-O Nbd7 7. Qe2 Be7 8. Bd3 O-O 9. e4 e5 10. d5 a5 11. a4 Ne8 12. Be3 g6 13. Qd2 Ng7 14.
Ne2 f5 15. Bg5 f4 16. Bxe7 Qxe7 17. Kh1 g5 18. Neg1 g4 19. Ne1 h5 20. g3 h4 21.
f3 hxg3 22. fxg4 Qh4 23. Qg2 Nf6 24. Ngf3 Qxg4 25. Be2 gxh2 26. Nxh2 Qxg2+ 27. Kxg2 Nxe4 28. Nef3 Ng3 0-1

[Event "Live Chess"]
[Site "Chess.com"]
[Date "2023.05.21"]
[Round "-"]
[White "HoarseyHorsey"]
[Black "JoshMcK"]
[Result "1/2-1/2"]
[WhiteElo "1468"]
[BlackElo "1531"]
[TimeControl "300"]
[EndTime "1:27:50 PDT"]
[Termination "Game drawn by agreement"]

1. d4 d5 2. c4 e6 3. Nc3 Nf6 4. cxd5 exd5 5. Bg5 c6 6. e3 h6 7. Bh4 Be7 8. Nf3 O-O 9. Bd3 Nbd7 10. Qc2 Re8 11.
O-O Ne4 12. Bxe7 Rxe7 13. Rfe1 Nxc3 14. bxc3 Nf6 15. Ne5 Ng4 16. Nxg4 Bxg4 17. Bh7+ Kh8 18. Bf5 Bxf5 19. Qxf5 Qd7 20. Qf4 Rae8 21. Rab1 b6 22. Re2 Qe6 23. a4 Qe4 24. Qxe4 Rxe4 25. Rc1 a6 26. c4 dxc4 27. Rxc4 c5 28. Rec2 cxd4 29. Rc8 dxe3 30. Rxe8+ Rxe8 31. Re2 f5 32. fxe3 f4 33. Kf2 fxe3+ 34. Rxe3 Rxe3 35. Kxe3 Kg8 36. Kd4 Kf8 37. Kd5 Ke7 38. Kc6 b5 39. axb5 axb5 40. Kxb5 Ke6 41. Kc4 Ke5 42. Kd3 Kf4 43. Ke2 g5 44. Kf2 h5 45. Ke2 g4 46. Kf2 1/2-1/2

[Event "Live Chess"]
[Site "Chess.com"]
[Date "2023.05.21"]
[Round "-"]
[White "MarkLim1"]
[Black "JoeyCage"]
[Result "0-1"]
[WhiteElo "1707"]
[BlackElo "2307"]
[TimeControl "300"]
[EndTime "1:28:12 PDT"]
[Termination "JoeyCage won by resignation"]

1. d4 g6 2. Nf3 Bg7 3. e4 d6 4. c4 Nc6 5. Be2 Bg4 6. Be3 Bxf3 7. Bxf3 e5 8. d5 Nd4 9. Bxd4 exd4 10. Nd2 c5 11. dxc6 bxc6 12. Nb3 c5 13. O-O Ne7 14. Qd3 O-O 15. Rfe1 Nc6 16. a3 Rb8 17. Re2 Ne5 18. Qd1 Nxc4 19. Rc1 Ne5 20. Na5 Qxa5 0-1

[Event "Live Chess"]
[Site "Chess.com"]
[Date "2023.05.21"]
[Round "-"]
[White "wadsy27"]
[Black "MJMykh"]
[Result "1-0"]
[WhiteElo "2568"]
[BlackElo "1101"]
[TimeControl "300"]
[EndTime "1:28:12 PDT"]
[Termination "wadsy27 won by resignation"]

1. c4 c5 2. g3 Nf6 3. Bg2 Nc6 4. Nf3 e6 5. O-O h6 6. b3 Be7 7. Bb2 O-O 8. d4 cxd4 9. Nxd4 Nxd4 10. Qxd4 d6 11. Nc3 a6 12. Rad1 Rb8 13. Ne4 Bd7 14.
Nxd6 Bxd6 15. Qxd6 Rc8 16. Bxb7 Rb8 17. Bf3 Rb6 18. Bxf6 gxf6 19. Qxd7 Qxd7 20. Rxd7 1-0

[Event "Live Chess"]
[Site "Chess.com"]
[Date "2023.05.21"]
[Round "-"]
[White "Vitalii18a"]
[Black "MaximKris"]
[Result "1-0"]
[WhiteElo "1127"]
[BlackElo "1800"]
[TimeControl "300"]
[EndTime "1:28:15 PDT"]
[Termination "Vitalii18a won by checkmate"]

1. e4 e5 2. Nf3 Nc6 3. Bb5 a6 4. Ba4 Nf6 5. d3 b5 6. Bb3 d6 7. O-O Be6 8. c3 Qd7 9. Re1 Be7 10. d4 exd4 11. cxd4 Bxb3 12. axb3 O-O-O 13. Rxa6 Kb7 14. Ra1 Ra8 15. Rxa8 Rxa8 16. Nc3 Nb4 17. Bg5 h6 18.
Bh4 g5 19. Bg3 g4 20. Nh4 h5 21. h3 Na2 22. hxg4 Nxc3 23. bxc3 Qxg4 24. Qxg4 Nxg4 25. Nf5 Bf6 26. f3 h4 27. Bf4 Ne5 28. dxe5 Bxe5 29. Bxe5 dxe5 30. Nxh4 Ra3 31. Rb1 c5 32. Nf5 c4 33.
bxc4 Rxc3 34. cxb5 Kb6 35. Nd6 Rc5 36. Nxf7 Rxb5 37.
Rxb5+ Kxb5 38. Nxe5 Kb6 39. g4 Kc7 40. g5 Kd8 41. Kg2 Ke7 42. Kg3 Kf8 43. Kg4 Kg7 44. f4 Kf8 45. f5 Kg8 46. Nf3 Kf8 47. Kh5 Kg8 48. Kh6 Kf8 49. Kh7 Kf7 50. g6+ Kf8 51. g7+ Ke8 52. g8=Q+ Ke7 53. Qg6 Kd7 54. f6 Kc6 55.
f7+ Kc5 56. f8=R Kb4 57. Qc6 Kb3 58. Rb8+ Ka3 59. Qa8# 1-0